 Dungeon Crawl Stone Soup version 0.21.1-1-g345015f (webtiles) character file.

890 kae the Insei (level 7, -2/57 HPs)
             Began as a Demonspawn Monk on Apr 23, 2018.
             Slain by an orc
             ... wielding a cursed +0 mace
              (7 damage)
             ... on level 5 of the Dungeon.
             The game lasted 00:04:25 (5203 turns).

kae the Insei (Demonspawn Monk)                     Turns: 5203, Time: 00:04:26

Health: -2/57      AC:  9    Str: 11    XL:     7   Next: 77%
Magic:  16/16      EV: 13    Int: 11    God:
Gold:   164        SH:  5    Dex: 18    Spells: 6/6 levels left

rFire    . . .     SeeInvis .   l - +1 whip
rCold    . . .     Gourm    .   (no shield)
rNeg     . . .     Faith    .   a - +1 robe
rPois    .         Spirit   .   (helmet restricted)
rElec    .         Reflect  +   (no cloak)
rCorr    .         Harm     .   q - +2 pair of gloves
MR       .....                  (no boots)
Stlth    +++.......             g - +5 amulet of reflection
HPRegen  0.19/turn              k - ring of stealth
MPRegen  0.15/turn              r - ring of magical power

@: flying, starving, invisible
A: antennae 1, talons 1, slimy green scales 2, deterioration 2, powered by death
1
a: no special abilities


You were on level 5 of the Dungeon.
You were starving.

You visited 1 branch of the dungeon, and saw 5 of its levels.

You collected 164 gold pieces.

Inventory:

Hand Weapons
 l - a +1 whip (weapon)
Armour
 a - a +1 robe (worn)
 q - a +2 pair of gloves (worn)
Jewellery
 g - a +5 amulet of reflection (around neck)
 k - a ring of stealth (left hand)
 r - a ring of magical power (right hand)
Wands
 m - a wand of paralysis (11)
Scrolls
 c - a scroll of random uselessness
 e - 2 scrolls of remove curse
 f - a scroll of teleportation {unknown}
 n - a scroll of immolation
 p - a scroll of blinking
Potions
 d - a potion of cancellation
 i - 4 potions of brilliance
Comestibles
 b - 10 rations


   Skills:
 + Level 5.9 Fighting
 - Level 2.6 Dodging
 - Level 1.7 Stealth
 * Level 7.2 Unarmed Combat


You had 6 spell levels left.
You didn't know any spells.

Dungeon Overview and Level Annotations

Branches:
Dungeon (5/15)
 Temple: D:4-7

Altars:
Ru


Innate Abilities, Weirdness & Mutations

You have sharp toenails.
You are mostly covered in slimy green scales. (AC +3)
You regenerate a little health from kills.
You have a pair of small antennae on your head.
Your body often deteriorates upon taking damage.


Message History

You hit the orc. You claw the orc, but do no damage.
The orc is almost dead.
You block the orc's attack. x2
You barely miss the orc.
The orc is almost dead.
The orc closely misses you. The orc hits you with a mace.
* * * LOW HITPOINT WARNING * * *
You completely miss the orc. You claw the orc, but do no damage.
The orc is almost dead.
The orc closely misses you. The orc hits you but does no damage.
You hit the orc but do no damage. You claw the orc, but do no damage.
The orc is almost dead.
You block the orc's attack. The orc hits you but does no damage.
It was a potion of flight.
You feel very buoyant.
You fly up into the air.
You block the orc's attack.
It was a potion of invisibility.
You fade into invisibility!
The orc hits you with a mace!
You die...

#......# .......
.##......##
.......#
..##......##
.......
...+.......##
...!.####..
#........
#.......#
####.#.##
#.......# #.#.#.
#..o)†..# #.#.#.
#..o@...# #.#.#.
######'#####
#.#(. #.......#
#.### #.......#
#.# #.......###
#.# #####.....#
#.# #.....# #.#
#.....#########.#
##.#####........#


You could see 2 orcs.

Vanquished Creatures
  A phantom (D:5)
  A necrophage (D:3)
  An ogre (D:5)
  A scorpion (D:4)
  A howler monkey (D:4)
  2 hounds
  An orc priest (D:5)
  4 orc wizards
  A bullfrog skeleton (D:4)
  Ijyb (D:3)
  3 worker ants
  A hound skeleton (D:4)
  4 gnolls (D:4)
  12 adders
  An adder skeleton (D:4)
  2 worms
  2 dart slugs (D:2)
  4 leopard geckos
  8 orcs
  2 hobgoblins
  2 jackals (D:3)
  A quokka (D:4)
  9 bats
  6 frilled lizards
  7 goblins
  3 kobolds
  A quokka skeleton (D:4)
  8 rats
90 creatures vanquished.

Notes
Turn   | Place    | Note
-------+----------+-------------------------------------------
     0 | D:1      | kae the Demonspawn Monk began the quest for the Orb.
     0 | D:1      | Reached XP level 1. HP: 18/18 MP: 1/1
   256 | D:1      | You fall through a shaft!
   261 | D:2      | Reached skill level 3 in Unarmed Combat
   313 | D:1      | Gained mutation: You are partially covered in slimy green scales. (AC +2) [demonic ancestry]
   313 | D:1      | Reached XP level 2. HP: 24/24 MP: 2/2
   842 | D:2      | Gained mutation: You have sharp toenails. [demonic ancestry]
   842 | D:2      | Reached XP level 3. HP: 9/29 MP: 3/3
  1968 | D:2      | Reached skill level 4 in Unarmed Combat
  1994 | D:2      | Reached XP level 4. HP: 18/37 MP: 4/4
  2348 | D:2      | Found a sacrificial altar of Ru.
  2527 | D:3      | Noticed a necrophage
  2541 | D:3      | Killed a necrophage
  2541 | D:3      | Gained mutation: You regenerate a little health from kills. [demonic ancestry]
  2541 | D:3      | Reached XP level 5. HP: 36/42 MP: 5/5
  2587 | D:3      | Reached skill level 5 in Unarmed Combat
  2836 | D:3      | Noticed Ijyb
  2837 | D:3      | Paralysed by Ijyb for 7 turns
  2852 | D:3      | Paralysed by Ijyb for 6 turns
  2869 | D:3      | Killed Ijyb
  3198 | D:3      | Gained mutation: You are mostly covered in slimy green scales. (AC +3) [demonic ancestry]
  3198 | D:3      | Reached XP level 6. HP: 41/49 MP: 6/6
  3805 | D:4      | Reached skill level 5 in Fighting
  3805 | D:4      | Reached skill level 6 in Unarmed Combat
  4239 | D:4      | Reached XP level 7. HP: 56/56 MP: 7/7
  4462 | D:5      | Entered Level 5 of the Dungeon
  4802 | D:5      | Reached skill level 7 in Unarmed Combat
  5183 | D:5      | Gained mutation: Your body sometimes deteriorates upon taking damage. [potion of mutation]
  5183 | D:5      | Gained mutation: Your body often deteriorates upon taking damage. [potion of mutation]
  5183 | D:5      | Gained mutation: You have a pair of small antennae on your head. [potion of mutation]
  5203 | D:5      | Slain by an orc

Skill      XL: |  1  2  3  4  5  6  7 |
---------------+----------------------+-----
Unarmed Combat | 3 4 5 6 7 |  7.2
Fighting       | 4 5 |  5.9
Dodging        | |  2.6
Stealth        | |  1.7

Action                   |  1- 3 |  4- 6 |  7- 9 || total
-------------------------+-------+-------+-------++-------
Melee: Unarmed           |    99 |       |       ||    99
       Whip              |    31 |   206 |   139 ||   376
       Kick              |    15 |    63 |    40 ||   118
       Punch             |     1 |     9 |     6 ||    16
  Use: Scroll            |     3 |     7 |       ||    10
       Potion            |       |       |     4 ||     4
 Stab: Sleeping          |     4 |     7 |     2 ||    13
       Distracted        |       |     1 |       ||     1
  Eat: Chunk             |     3 |     8 |     1 ||    12
Armor: Robe              |    23 |    59 |    52 ||   134
Dodge: Dodged            |    87 |   103 |   111 ||   301
Block: Other             |    21 |    41 |    46 ||   108
       Reflection        |       |     3 |       ||     3
